 Dungeon Crawl Stone Soup version 0.25-a0-589-g1e14c549ee (webtiles) character file.

Game seed: 3572595597498863100, levelgen mode: deterministic

533 DerDa the Digger (level 7, -10/36 HPs)
             Began as a Gargoyle Earth Elementalist on Mar 11, 2020.
             Mangled by a gnoll
             ... wielding a +0 scythe
              (16 damage)
             ... on level 4 of the Dungeon.
             The game lasted 00:10:30 (3380 turns).

DerDa the Digger (Gargoyle Earth Elementalist)      Turns: 3380, Time: 00:10:31

Health: -10/36     AC:  7    Str: 12    XL:     7   Next: 24%
Magic:  1/13       EV: 12    Int: 17    God:
Gold:   154        SH:  0    Dex: 10    Spells: 9/15 levels left

rFire    . . .     SeeInvis .   g - +2 short sword (freeze)
rCold    . . .     Gourm    .   (no shield)
rNeg     + + .     Faith    .   c - +0 robe
rPois    ∞         Spirit   .   (no helmet)
rElec    +         Reflect  .   (no cloak)
rCorr    .         Harm     .   (no gloves)
MR       .....                  y - +0 pair of boots
Stlth    ++........             (no amulet)
HPRegen  0.12/turn              t - ring of positive energy
MPRegen  0.13/turn              (no ring)

@: no status effects
A: negative energy resistance 1, electricity resistance, unbreathing,
petrification resistance, rot immunity, AC +4
a: no special abilities


You were on level 4 of the Dungeon.
You were not hungry.

You visited 2 branches of the dungeon, and saw 5 of its levels.

You collected 154 gold pieces.

Inventory:

Hand Weapons
 e - a +0 spear
 g - a +2 short sword of freezing (weapon)
 o - a +0 hunting sling
 r - a +0 spear of venom
 x - a +2 flail of draining
Missiles
 b - 17 stones (quivered)
 f - 18 sling bullets
 q - 11 bolts
 u - 7 poisoned darts
Armour
 c - a +0 robe (worn)
 i - a cursed +0 leather armour
 y - a +0 pair of boots (worn)
Jewellery
 t - a ring of positive energy (left hand)
Scrolls
 j - 3 scrolls of remove curse {unknown}
 m - 2 scrolls of enchant armour {unknown}
 n - a scroll of enchant weapon {unknown}
 p - 2 scrolls of identify {unknown}
 w - a scroll of teleportation {unknown}
Potions
 a - a potion of cancellation {unknown}
 h - 2 potions of magic {unknown}
 k - a potion of lignification {unknown}
 l - 2 potions of stabbing {unknown}
 s - 2 potions of haste {unknown}
 v - 2 potions of mutation {unknown}
 z - 2 potions of curing {unknown}
Comestibles
 d - 5 rations
 A - 8 chunks of flesh


   Skills:
 - Level 1.5 Dodging
 - Level 2.1 Stealth
 * Level 4.5 Spellcasting
 + Level 3.0 Conjurations
 + Level 1.9 Transmutations
 * Level 6.5 Earth Magic


You had 9 spell levels left.
You knew the following spells:

 Your Spells              Type           Power        Failure   Level  Hunger
a - Sandblast             Erth           ####..       1%          1    None
b - Stone Arrow           Conj/Erth      ###...       6%          3    ###....
w - Passwall              Tmut/Erth      ###.....     4%          2    ##.....

Your spell library contained the following spells:

 Spells                   Type           Power        Failure   Level  Hunger
 Petrify                  Tmut/Erth      ###.....     26%         4    ####...
 Lee's Rapid Deconstruct  Erth           ####......   28%         5    ######.


Dungeon Overview and Level Annotations

Branches:
Dungeon (4/15)             Temple (1/1) D:4

Altars:
Elyvilon
Fedhas
Hepliaklqana
Kikubaaqudgha
Makhleb
Nemelex Xobeh
Okawaru
Trog
Uskayaw
Xom
Yredelemnul
Zin
The Shining One

Shops:
D:4 %


Innate Abilities, Weirdness & Mutations

You are resistant to torment.
Your stone body is resilient. (AC +4)
You are immune to poison.
You resist negative energy. (rN+)
You are resistant to electric shocks. (rElec)
You can survive without breathing.
You are immune to petrification.
You are immune to rotting.


Message History

Casting: Sandblast (safe; 1% risk of failure)
Confirm with . or Enter, or press ? or * to list all spells.
Aiming: Sandblast (safe; 1% risk of failure)
Press: ? - help, Shift-Dir - straight line, f - gnoll
Aim: a gnoll, wielding a +0 scythe and wearing a +0 robe The blast of sand hits the gnoll!
The gnoll is heavily wounded.
b - 17 stones The gnoll closely misses you.
The gnoll hits you with a +0 scythe!
You are too injured to fight recklessly!
You are too injured to fight recklessly!
You barely miss the gnoll.
The gnoll is heavily wounded.
You barely miss the gnoll.
The gnoll is heavily wounded.
The gnoll hits you with a +0 scythe!
* * * LOW HITPOINT WARNING * * *
The gnoll hits you from afar with a +0 scythe!
You die...

#.....g.....†...#..
###..#...?........
##..###.........
#.†).....)..###
####(##..#.....#
#..((###.......#
###g## ###.....#
#g### #.....# ...
#.@.####.....# ...
###>..#####.%. ...
###...##### ...
###.).# ...
###.######.#.
#.#.......#
#.#<).[...#
#.....))..#
###...<...#


You could see 2 gnolls.

Vanquished Creatures
  An orc warrior (D:4)
  A howler monkey (D:3)
  A hound (D:4)
  2 orc priests (D:4)
  2 orc wizards (D:3)
  A worker ant (D:4)
  5 adders
  7 gnolls
  3 oozes
  4 worms (D:2)
  2 dart slugs (D:1)
  A leopard gecko (D:2)
  11 orcs
  4 giant cockroaches
  8 hobgoblins
  2 jackals (D:2)
  11 kobolds
  3 quokkas
  A ball python (D:2)
  12 bats
  6 frilled lizards
  8 goblins
  8 rats
104 creatures vanquished.

Notes
Turn   | Place    | Note
-------+----------+-------------------------------------------
     0 | D:1      | DerDa the Gargoyle Earth Elementalist began the quest for
                  | the Orb.
     0 | D:1      | Reached XP level 1. HP: 10/10 MP: 3/3
   136 | D:1      | Reached skill level 4 in Earth Magic
   136 | D:1      | Reached XP level 2. HP: 15/15 MP: 3/5
   522 | D:1      | Reached XP level 3. HP: 13/19 MP: 7/7
  1087 | D:2      | Found a bloodstained altar of Trog.
  1155 | D:2      | Found a sparkling altar of Nemelex Xobeh.
  1261 | D:2      | Reached XP level 4. HP: 15/24 MP: 2/8
  1276 | D:2      | Learned a level 3 spell: Stone Arrow
  1279 | D:2      | Learned a level 2 spell: Passwall
  1700 | D:3      | Reached skill level 5 in Earth Magic
  1722 | D:3      | Reached skill level 1 in Conjurations
  1737 | D:3      | Reached skill level 1 in Transmutations
  1737 | D:3      | Reached XP level 5. HP: 13/28 MP: 0/10
  2099 | D:3      | Found a blossoming altar of Fedhas.
  2219 | D:3      | HP: 1/28 [adder (2)]
  2769 | D:3      | Reached XP level 6. HP: 26/32 MP: 8/11
  2854 | D:4      | Noticed an orc warrior
  2916 | D:4      | Found Iduarer's Food Shoppe.
  2959 | D:4      | Found a staircase to the Ecumenical Temple.
  2970 | Temple   | Entered the Ecumenical Temple
  3163 | D:4      | Noticed an orc warrior
  3177 | D:4      | Reached skill level 6 in Earth Magic
  3236 | D:4      | Killed an orc warrior
  3236 | D:4      | Reached XP level 7. HP: 20/36 MP: 2/13
  3380 | D:4      | Mangled by a gnoll

Levels and vault maps discovered:
D:1:      nagdon_arrival_zigzag_paths, layout_basic, serial_park_tiny_1,
          minmay_misc_feat_doors
D:2:      layout_rooms, overflow_temple_1_default, nemelex_spade_bored_becter
D:3:      layout_rooms, fedhas_altar_3, minmay_misc_feat_four_crosses
D:4:      layout_rooms, lemuel_round_altar, led_sif_book,
          minmay_temple_entry_waves, serial_shops,
          nicolae_shop_competitors_out_of_business, first_ration, sigmund_army,
          uniq_duvessa
Temple:   bh_familiar_temple

Skill      XL: |  1  2  3  4  5  6  7 |
---------------+----------------------+-----
Earth Magic    | 4 5 6 |  6.5
Spellcasting   | 3 4 |  4.5
Conjurations   | 1 2 3 |  3.0
Transmutations | 1 |  1.9
Dodging        | |  1.5
Stealth        | |  2.1

Action                   |  1- 3 |  4- 6 |  7- 9 || total
-------------------------+-------+-------+-------++-------
Melee: Spear             |    47 |       |       ||    47
       Short sword       |    39 |    29 |     2 ||    70
 Cast: Sandblast         |    35 |    88 |    18 ||   141
 Stab: Sleeping          |     5 |       |       ||     5
  Eat: Chunk             |     1 |     6 |     1 ||     8
Armor: Robe              |    47 |    29 |     5 ||    81
Dodge: Dodged            |    67 |    40 |    16 ||   123

Table legend:
 A = Non-vault XP
 B = Vault XP
 C = Vault XP percentage of total XP
 D = Non-vault monster count
 E = Vault monster count
 F = Vault count percentage of total count
                 A         B        C        D         E       F
            +---------+---------+-------+---------+---------+-------
      Total |     720 |      42 |   5.5 |     101 |       3 |   2.9
            +---------+---------+-------+---------+---------+-------
        D:1 |      44 |       0 |   0.0 |      24 |       0 |   0.0
        D:2 |      69 |       0 |   0.0 |      27 |       0 |   0.0
        D:3 |     288 |       0 |   0.0 |      39 |       0 |   0.0
        D:4 |     319 |      42 |  11.6 |      11 |       3 |  21.4
            +---------+---------+-------+---------+---------+-------
